 Dungeon Crawl Stone Soup version 0.27-a0-1202-ge72e49191c (webtiles) character file.

Game seed: 4874454243824093868

21 pkoi the Insei (level 2, -3/24 HPs)
             Began as a Demonspawn Monk on June 4, 2021.
             Slain by Sigmund
             ... wielding a +0 scythe
              (7 damage)
             ... on level 2 of the Dungeon.
             The game lasted 00:01:05 (1605 turns).

pkoi the Insei (Demonspawn Monk)                    Turns: 1605, Time: 00:01:06

Health: -3/24      AC:  2    Str: 11    XL:     2   Next: 65%
Magic:  2/2        EV: 14    Int: 11    God:
Gold:   62         SH:  0    Dex: 15    Spells: 1/1 levels left

rFire    . . .     SeeInvis .     - Unarmed
rCold    . . .     Faith    .   (no shield)
rNeg     . . .     Spirit   .   a - +0 robe
rPois    .         Reflect  .   (no helmet)
rElec    .         Harm     .   (no cloak)
rCorr    .         Rampage  .   (no gloves)
Will     .....                  (no boots)
Stlth    +.........             (no amulet)
HPRegen  0.08/turn              (no ring)
MPRegen  0.08/turn              (no ring)

@: confused
A: repulsion field 1
a: no special abilities


You were on level 2 of the Dungeon.
You visited 1 branch of the dungeon, and saw 2 of its levels.

You collected 62 gold pieces.

Inventory:

Armour
 a - a +0 robe (worn)
Jewellery
 d - a ring of protection from cold
Scrolls
 e - a scroll of amnesia {unknown}
 f - a scroll of immolation {unknown}
Potions
 b - 2 potions of mutation {unknown}
 c - a potion of curing {unknown}


   Skills:
 - Level 3.0 Fighting
 - Level 2.6 Dodging
 - Level 1.7 Stealth
 + Level 3.6 Unarmed Combat


You had one spell level left.
You didn't know any spells.
Your spell library was empty.

Dungeon Overview and Level Annotations

Branches:
Dungeon (2/15)

Altars:

Annotations:
D:2 Sigmund


Innate Abilities, Weirdness & Mutations

You are surrounded by a mild repulsion field. (EV +2)


Message History

You are too injured to fight recklessly!
You are too injured to fight recklessly!
You are too injured to fight recklessly!
You are too injured to fight recklessly!
You are too injured to fight recklessly!
You are too injured to fight recklessly!
You are too injured to fight recklessly!
You are too injured to fight recklessly!
You are too injured to fight recklessly!
You are too injured to fight recklessly!
You are too injured to fight recklessly!
You are too injured to fight recklessly!
You are too injured to fight recklessly!
You are too injured to fight recklessly!
You are too injured to fight recklessly!
Sigmund misses you.
You see here a scroll labelled AVESONL LELL.
f - a scroll labelled AVESONL LELL Sigmund closely misses you.
Sigmund casts a spell at you.
You are confused.
Sigmund barely misses you.
You're too confused to move!
Sigmund casts a spell at you. The puff of flame hits you!
* * * LOW HITPOINT WARNING * * *
Sigmund closely misses you.
You're too confused to move!
You feel less confused. Sigmund gestures at you while chanting.
You are confused.
Sigmund barely misses you. Sigmund barely misses you.
Sigmund points at you and mumbles some strange words.
You are more confused.
Found a stone staircase leading down.
Sigmund gestures at you while chanting.
You are more confused.
Sigmund hits you from afar with a +0 scythe!
You die...

#.......... .# #..........
.## ♣......... >.
♣........ ##########.♣
♣♣♣♣....... ...........♣
P...P.#....♣ ...........♣
P..♣ #....♣
#....?......♣♣P.P. #....♣
#...?....[@..♣..♣ ♣.
##...♣
##.............♣♣♣♣..
#.... ....####..@.........
#.... ..................#
####.###
..................# #....#
..................# #....#
..................# #....#
..................###....#
....###......#.....##...^#


You could see Sigmund.

Vanquished Creatures
  2 ball pythons (D:1)
  2 bats
  An endoplasm (D:1)
  A giant cockroach (D:1)
  A goblin (D:1)
  A hobgoblin (D:1)
  3 jackals (D:1)
  2 kobolds (D:1)
  2 quokkas
  A frilled lizard (D:2)
  2 rats
18 creatures vanquished.

Notes
Turn   | Place    | Note
-------+----------+-------------------------------------------
     0 | D:1      | pkoi the Demonspawn Monk began the quest for the Orb.
     0 | D:1      | Reached XP level 1. HP: 18/18 MP: 1/1
   291 | D:1      | Gained mutation: You are surrounded by a mild repulsion
                  | field. (EV +2) [demonic ancestry]
   291 | D:1      | Reached XP level 2. HP: 19/24 MP: 2/2
  1578 | D:2      | Noticed Sigmund
  1605 | D:2      | Slain by Sigmund

Illustrated notes

Levels and vault maps discovered:
D:1:      dpeg_arrival_arbitrary_b, layout_basic, minivault_25
D:2:      minmay_chambers_of_twos, layout_basic, serial_forest,
          infiniplex_forest_clump_tiny, infiniplex_forest_straight_3,
          infiniplex_forest_end_2, infiniplex_forest_pool,
          infiniplex_forest_lined_room_2, minmay_misc_feat_plants, uniq_sigmund

Skill      XL: |  1 |
---------------+----+-----
Unarmed Combat | 3 |  3.6
Fighting       | |  3.0
Dodging        | |  2.6
Stealth        | |  1.7

Action                   || total
-------------------------++-------
Melee: Unarmed           ||    80
       Punch             ||     1
 Stab: Sleeping          ||     1
Armor: Robe              ||    15
Dodge: Dodged            ||    86

Table legend: (Time is in decaauts)
 A = Elapsed time spent in this place.
 B = Non-inter-level travel time spent in this place.
 C = Inter-level travel time spent in this place.
 D = Time resting spent in this place.
 E = Time spent auto-exploring this place.
 F = Levels seen in this place.
 G = Mean time per level.
                   A        B        C        D        E       F      G
               +--------+--------+--------+--------+--------+-----+--------+
         Total |   1599 |   1563 |     36 |    284 |   1101 |   2 |  799.5 |
       Dungeon |   1599 |   1563 |     36 |    284 |   1101 |   2 |  799.5 |
               +--------+--------+--------+--------+--------+-----+--------+

Top non-repeatable levels by time:
     D:1: 1439 daAuts
     D:2: 159 daAuts
